Tampa Bay Lightning vs Detroit Red Wings
Created - Monday, June 3, 2024 at 07:00
Goals
|
| Tampa Bay Lightning |
0 |
1 |
1 |
0 |
1 |
3 |
| Detroit Red Wings |
1 |
0 |
1 |
0 |
0 |
2 |
|
Shots
|
| Tampa Bay Lightning |
10 |
15 |
8 |
3 |
4 |
36 |
| Detroit Red Wings |
13 |
13 |
10 |
3 |
4 |
39 |
|
1st period
1. Detroit Red Wings , Daniel Sprong 20 (Philippe Myers 6, Mika Zibanejad 64) at 15:06
Penalties :
MacKenzie Weegar (DET) for Hooking (Minor) at 7:30, Carter Verhaeghe (DET) for High sticking (Minor) at 10:13, MacKenzie Weegar (DET) for Roughing (Minor) at 15:31
2nd period
2. Tampa Bay Lightning , Darnell Nurse 3 (Logan Couture 32, Travis Konecny 42) at 10:09
Penalties :
Darnell Nurse (TBL) for Goalie Interference (Minor) at 15:02
3rd period
3. Detroit Red Wings , Steven Stamkos 38 (Shayne Gostisbehere 24, Jordie Benn 12) at 16:09
4. Tampa Bay Lightning , Johnny Gaudreau 36 (Travis Konecny 43, Filip Gustavsson) at 16:52 (PP)
Penalties :
Kevin Shattenkirk (DET) for Hooking (Minor) at 16:16
Overtime #1
No Goal
Penalties :
No Penalty
Shootout
Tampa Bay Lightning, Gustav Nyquist - Shot Misses the Net
Detroit Red Wings, Mika Zibanejad - Stopped by Filip Gustavsson
Tampa Bay Lightning, Kirill Kaprizov - Stopped by Laurent Brossoit
Detroit Red Wings, Jonathan Huberdeau - Shot Misses the Net
Tampa Bay Lightning, Logan Couture - Stopped by Laurent Brossoit
Detroit Red Wings, Matthew Boldy - Shot Misses the Net
Tampa Bay Lightning, Trevor Moore - Goal!
Detroit Red Wings, Carter Verhaeghe - Stopped by Filip Gustavsson
Penalties :
No Penalty
Goalie Stats
Filip Gustavsson (TBL), 37 saves from 39 shots - (0.949), W, 39-20-4, 65:00 minutes
Laurent Brossoit (DET), 34 saves from 36 shots - (0.944), OTL, 9-7-2, 65:00 minutes
Players Stats for Tampa Bay Lightning
Player Name G A P +/- PIM S H SB GA TA FO MP PP MP PK MP
------------------------------------------------------------------------------------
Anze Kopitar 0 0 0 0 0 3 1 0 0 0 18/32 24:02 3:16 0:00
Blake Lizotte 0 0 0 0 0 0 0 0 0 0 0/0 0:00 0:00 0:00
Darnell Nurse 1 0 1 0 2 4 0 3 0 0 0/0 26:22 3:32 0:00
Dylan Cozens 0 0 0 1 0 7 2 2 0 1 2/5 20:44 0:00 0:56
Gustav Nyquist 0 0 0 -2 0 4 0 1 0 1 0/1 14:27 0:00 1:03
Hampus Lindholm 0 0 0 0 0 2 0 3 1 0 0/0 24:50 3:32 1:19
Johnny Gaudreau 1 0 1 0 0 3 2 0 0 0 0/1 21:10 3:17 0:00
Kirill Kaprizov 0 0 0 0 0 2 6 1 1 0 0/3 21:30 3:16 0:00
Logan Couture 0 1 1 1 0 3 2 0 0 0 10/22 21:53 3:17 1:03
Michael Matheson 0 0 0 -1 0 0 1 4 0 0 0/0 19:58 3:01 0:00
Moritz Seider 0 0 0 0 0 1 3 2 0 1 0/0 26:33 3:01 0:40
Roope Hintz 0 0 0 -2 0 1 2 0 0 0 1/4 15:29 3:16 0:00
Ryan Graves 0 0 0 -1 0 1 0 1 0 0 0/0 14:35 0:00 0:40
Tomas Hertl 0 0 0 0 0 0 0 0 1 0 1/2 7:09 0:00 0:00
Travis Konecny 0 2 2 1 0 4 3 0 1 0 0/1 21:31 3:17 0:00
Trevor Moore 0 0 0 -2 0 1 3 0 1 0 0/1 14:35 0:00 0:56
Tyler Toffoli 0 0 0 0 0 0 0 0 0 0 0/0 5:08 0:00 0:00
Vladislav Gavrikov 0 0 0 0 0 0 1 1 0 0 0/0 18:04 0:00 1:19
Players Stats for Detroit Red Wings
Player Name G A P +/- PIM S H SB GA TA FO MP PP MP PK MP
------------------------------------------------------------------------------------
Alexander Barabanov 0 0 0 0 0 0 0 0 0 0 0/0 7:08 0:00 0:00
Anthony Cirelli 0 0 0 1 0 3 0 2 0 0 8/13 17:43 0:00 3:20
Arthur Kaliyev 0 0 0 0 0 1 0 0 0 1 0/0 7:07 0:00 0:00
Carter Verhaeghe 0 0 0 0 2 2 0 2 0 0 1/2 18:07 0:57 0:00
Daniel Sprong 1 0 1 1 0 4 1 0 0 0 0/1 15:51 0:53 0:06
Jared McCann 0 0 0 0 0 2 2 0 0 0 0/0 21:00 1:02 3:20
Jonathan Huberdeau 0 0 0 1 0 2 1 0 0 0 0/2 13:08 0:00 0:00
Jordie Benn 0 1 1 0 0 2 3 1 0 0 0/0 20:37 0:00 3:29
Josh Bailey 0 0 0 0 0 2 3 0 0 0 1/1 10:48 0:00 3:07
Kevin Shattenkirk 0 0 0 0 2 2 1 2 1 0 0/0 30:23 1:06 3:04
MacKenzie Weegar 0 0 0 0 4 1 2 1 0 4 0/0 28:14 1:06 1:01
Matthew Boldy 0 0 0 0 0 2 1 2 1 0 1/4 16:53 0:57 0:00
Mika Zibanejad 0 1 1 0 0 5 1 0 0 0 9/18 21:29 0:57 3:03
Patrick Kane 0 0 0 0 0 3 0 0 1 0 0/3 17:33 1:02 0:00
Philippe Myers 0 1 1 1 0 2 0 1 0 0 0/0 13:43 0:00 1:48
Shayne Gostisbehere 0 1 1 0 0 0 1 1 0 0 0/0 21:23 0:53 3:21
Steven Stamkos 1 0 1 0 0 6 0 0 0 0 20/28 19:12 1:02 0:10
Zach Bogosian 0 0 0 1 0 0 0 1 0 0 0/0 13:04 0:00 0:23
3 Stars
1 - Filip Gustavsson (TBL)
2 - Travis Konecny (TBL)
3 - Laurent Brossoit (DET)
Power Play
Tampa Bay Lightning - 1 on 4 Attempt(s) - 25.00%
Detroit Red Wings - 0 on 1 Attempt(s) - 0.00%
Penalty Kill
Tampa Bay Lightning - 1 on 1 Attempt(s) - 100.00%
- Score 0 goal in Penalty Kill
Detroit Red Wings - 3 on 4 Attempt(s) - 75.00%
- Score 0 goal in Penalty Kill
Team Stat
Tampa Bay Lightning - Hits : 26 - Faceoff Wins : 32 - Blocked Shots : 18 - Penalty Minutes : 2
Detroit Red Wings - Hits : 16 - Faceoff Wins : 40 - Blocked Shots : 13 - Penalty Minutes : 8
Official
Referees : Tom Kowal and Dan O'Rourke
Linesman : Trent Knorr and Ryan Gibbons
Game Notes
3:07 of 1st overtime period - Tampa Bay Lightning goal is going for a video replay. After video review, No Goal. The puck has entered the net after making contact with an attacking player’s stick that is above the height of the crossbar.
Finance
Level 1 -- Attendance: 4290 (71.50%) -- Ticket Income $429,000
Level 2 -- Attendance: 3502 (70.04%) -- Ticket Income $210,120
Level 3 -- Attendance: 2213 (73.77%) -- Ticket Income $77,455
Level 4 -- Attendance: 3556 (71.12%) -- Ticket Income $88,900
Luxury Box -- Attendance: 834 (83.40%) -- Ticket Income $166,800
Game was played at the Joe Louis Arena.
Total Attendance: 14395 (71.98%)
Total Ticket Income: $972,275
Other Income: $340,296
Total Income: $1,312,571
Tampa Bay Lightning
5 vs 5 Forward
Center Left Wing Right Wing Time % Phy DF OF
1 Anze Kopitar Johnny Gaudreau Kirill Kaprizov 40 0 1 4
2 Logan Couture Dylan Cozens Travis Konecny 35 0 1 4
3 Roope Hintz Trevor Moore Gustav Nyquist 20 0 3 2
4 Tomas Hertl Travis Konecny Tyler Toffoli 5 0 3 2
5 vs 5 Defense
Defense Defense Time % Phy DF OF
1 Darnell Nurse Moritz Seider 40 1 3 1
2 Vladislav Gavrikov Hampus Lindholm 35 1 3 1
3 Michael Matheson Ryan Graves 25 1 3 1
4 Darnell Nurse Hampus Lindholm 0 1 3 1
PowerPlay Forward
Center Left Wing Right Wing Time % Phy DF OF
1 Logan Couture Johnny Gaudreau Travis Konecny 50 0 0 5
2 Anze Kopitar Roope Hintz Kirill Kaprizov 50 0 0 5
PowerPlay Defense
Defense Defense Time % Phy DF OF
1 Moritz Seider Michael Matheson 50 0 2 3
2 Darnell Nurse Hampus Lindholm 50 0 2 3
Penalty Kill 4 Players Forward
Center Wing Time % Phy DF OF
1 Logan Couture Gustav Nyquist 50 1 4 0
2 Dylan Cozens Trevor Moore 50 1 4 0
Penalty Kill 4 Players Defense
Defense Defense Time % Phy DF OF
1 Vladislav Gavrikov Darnell Nurse 50 1 4 0
2 Ryan Graves Moritz Seider 50 1 4 0
Penalty Kill - 3 Players Forward
Forward Time % Phy DF OF
1 Anze Kopitar 50 1 4 0
2 Logan Couture 50 1 4 0
Penalty Kill - 3 Players Defense
Defense Defense Time % Phy DF OF
1 Vladislav Gavrikov Darnell Nurse 50 1 4 0
2 Ryan Graves Moritz Seider 50 1 4 0
4 vs 4 Forward
Center Wing Time % Phy DF OF
1 Anze Kopitar Dylan Cozens 50 0 3 2
2 Logan Couture Tomas Hertl 50 0 3 2
4 vs 4 Defense
Defense Defense Time % Phy DF OF
1 Darnell Nurse Hampus Lindholm 50 1 3 1
2 Moritz Seider Michael Matheson 50 1 3 1
Last Minutes Offensive
Center Left Wing Right Wing Defense Defense
Anze Kopitar Kirill Kaprizov Travis Konecny Darnell Nurse Hampus Lindholm
Last Minutes Defensive
Center Left Wing Right Wing Defense Defense
Anze Kopitar Kirill Kaprizov Travis Konecny Darnell Nurse Hampus Lindholm
Goaltenders
Starting : Filip Gustavsson
Backup : Jeremy Swayman
Extra Forwards
Normal : Dylan Cozens, Trevor Moore, Roope Hintz - PP : Dylan Cozens, Tyler Toffoli - PK : Anze Kopitar
Extra Defensemen
Normal : Moritz Seider, Darnell Nurse, Michael Matheson - PP : Ryan Graves - PK : Hampus Lindholm, Darnell Nurse
Penalty Shots
Gustav Nyquist, Kirill Kaprizov, Logan Couture, Trevor Moore, Anze Kopitar
Detroit Red Wings
5 vs 5 Forward
Center Left Wing Right Wing Time % Phy DF OF
1 Steven Stamkos Jared McCann Patrick Kane 35 0 1 4
2 Mika Zibanejad Carter Verhaeghe Matthew Boldy 30 1 2 2
3 Anthony Cirelli Jonathan Huberdeau Daniel Sprong 25 1 2 2
4 Josh Bailey Alexander Barabanov Arthur Kaliyev 10 1 2 2
5 vs 5 Defense
Defense Defense Time % Phy DF OF
1 Kevin Shattenkirk MacKenzie Weegar 40 1 2 2
2 Jordie Benn Shayne Gostisbehere 30 1 2 2
3 Zach Bogosian Philippe Myers 20 3 1 1
4 Kevin Shattenkirk MacKenzie Weegar 10 1 2 2
PowerPlay Forward
Center Left Wing Right Wing Time % Phy DF OF
1 Steven Stamkos Jared McCann Patrick Kane 50 0 1 4
2 Mika Zibanejad Carter Verhaeghe Matthew Boldy 50 0 1 4
PowerPlay Defense
Defense Defense Time % Phy DF OF
1 Kevin Shattenkirk MacKenzie Weegar 50 1 2 2
2 Shayne Gostisbehere Daniel Sprong 50 1 2 2
Penalty Kill 4 Players Forward
Center Wing Time % Phy DF OF
1 Anthony Cirelli Jared McCann 50 2 2 1
2 Mika Zibanejad Josh Bailey 50 2 2 1
Penalty Kill 4 Players Defense
Defense Defense Time % Phy DF OF
1 Kevin Shattenkirk MacKenzie Weegar 50 2 2 1
2 Jordie Benn Shayne Gostisbehere 50 2 2 1
Penalty Kill - 3 Players Forward
Forward Time % Phy DF OF
1 Mika Zibanejad 50 1 2 2
2 Anthony Cirelli 50 1 2 2
Penalty Kill - 3 Players Defense
Defense Defense Time % Phy DF OF
1 Kevin Shattenkirk MacKenzie Weegar 50 1 2 2
2 Jordie Benn Shayne Gostisbehere 50 2 2 1
4 vs 4 Forward
Center Wing Time % Phy DF OF
1 Mika Zibanejad Carter Verhaeghe 60 1 2 2
2 Steven Stamkos Matthew Boldy 40 1 1 3
4 vs 4 Defense
Defense Defense Time % Phy DF OF
1 Kevin Shattenkirk MacKenzie Weegar 60 1 2 2
2 Jordie Benn Shayne Gostisbehere 40 1 2 2
Last Minutes Offensive
Center Left Wing Right Wing Defense Defense
Mika Zibanejad Carter Verhaeghe Matthew Boldy Kevin Shattenkirk MacKenzie Weegar
Last Minutes Defensive
Center Left Wing Right Wing Defense Defense
Mika Zibanejad Carter Verhaeghe Matthew Boldy Kevin Shattenkirk MacKenzie Weegar
Goaltenders
Starting : Laurent Brossoit
Backup : Vitek Vanecek
Extra Forwards
Normal : Josh Bailey, Daniel Sprong, Arthur Kaliyev - PP : Josh Bailey, Arthur Kaliyev - PK : Jared McCann
Extra Defensemen
Normal : Philippe Myers, Zach Bogosian, Shayne Gostisbehere - PP : Kevin Shattenkirk - PK : Philippe Myers, Zach Bogosian
Penalty Shots
Mika Zibanejad, Jonathan Huberdeau, Matthew Boldy, Carter Verhaeghe, Jared McCann
% Time on Ice - Tampa Bay Lightning
Lines # - Real PCT - Wanted PCT - Time Play
Normal Forward
1 - 36% - 40% - 18:20
2 - 30% - 35% - 15:40
3 - 25% - 20% - 12:43
4 - 9% - 5% - 4:45
Normal Defense
1 - 38% - 40% - 19:45
2 - 34% - 35% - 17:19
3 - 26% - 25% - 13:37
4 - 2% - 0% - 0:47
PP Forward
1 - 50% - 50% - 3:17
2 - 50% - 50% - 3:16
PP Defense
1 - 46% - 50% - 3:01
2 - 54% - 50% - 3:32
PK Forward
1 - 53% - 50% - 1:03
2 - 47% - 50% - 0:56
PK Defense
1 - 66% - 50% - 1:19
2 - 34% - 50% - 0:40
PK3 Forward
1 - 0% - 50%
2 - 0% - 50%
PK3 Defense
1 - 0% - 50%
2 - 0% - 50%
44 Forward
1 - 56% - 50% - 2:47
2 - 44% - 50% - 2:13
44 Defense
1 - 52% - 50% - 2:37
2 - 48% - 50% - 2:23
Last Minute Offensive - 0:00
Last Minute Defensive - 0:00
Total
Forward - 65:00
Defense - 65:00
|
% Time on Ice - Detroit Red Wings
Lines # - Real PCT - Wanted PCT - Time Play
Normal Forward
1 - 34% - 35% - 17:19
2 - 28% - 30% - 14:17
3 - 26% - 25% - 13:08
4 - 13% - 10% - 6:44
Normal Defense
1 - 42% - 40% - 21:25
2 - 31% - 30% - 15:46
3 - 23% - 20% - 11:53
4 - 5% - 10% - 2:24
PP Forward
1 - 52% - 50% - 1:02
2 - 48% - 50% - 0:57
PP Defense
1 - 55% - 50% - 1:06
2 - 45% - 50% - 0:53
PK Forward
1 - 52% - 50% - 3:23
2 - 48% - 50% - 3:10
PK Defense
1 - 49% - 50% - 3:12
2 - 51% - 50% - 3:21
PK3 Forward
1 - 0% - 50%
2 - 0% - 50%
PK3 Defense
1 - 0% - 50%
2 - 0% - 50%
44 Forward
1 - 70% - 60% - 3:31
2 - 30% - 40% - 1:29
44 Defense
1 - 64% - 60% - 3:11
2 - 36% - 40% - 1:49
Last Minute Offensive - 0:00
Last Minute Defensive - 0:00
Total
Forward - 65:00
Defense - 65:00
|
Play-by-Play
1st period
0:01 of 1st period - Anze Kopitar wins face-off versus Steven Stamkos in neutral zone.
0:10 of 1st period - Slapshot by Steven Stamkos.
0:10 of 1st period - Stopped by Filip Gustavsson without a rebound.
0:11 of 1st period - Logan Couture wins face-off versus Mika Zibanejad in Tampa Bay Lightning zone.
1:03 of 1st period - Kevin Shattenkirk is hit by Michael Matheson and loses puck.
1:14 of 1st period - Slapshot by Patrick Kane.
1:14 of 1st period - Shot Blocked by Moritz Seider.
1:52 of 1st period - Snap shot by Matthew Boldy.
1:52 of 1st period - Shot Misses the Net.
2:02 of 1st period - Slapshot by Daniel Sprong.
2:02 of 1st period - Shot Blocked by Vladislav Gavrikov.
2:04 of 1st period - Slapshot by Philippe Myers.
2:04 of 1st period - Stopped by Filip Gustavsson without a rebound.
2:05 of 1st period - Anthony Cirelli wins face-off versus Logan Couture in Tampa Bay Lightning zone.
2:14 of 1st period - Wrist shot by Jonathan Huberdeau.
2:14 of 1st period - Deflect By Daniel Sprong.
2:14 of 1st period - Shot Blocked by Moritz Seider.
2:14 of 1st period - Puck is out of play.
2:15 of 1st period - Steven Stamkos wins face-off versus Anze Kopitar in Tampa Bay Lightning zone.
2:30 of 1st period - Wrist shot by Johnny Gaudreau.
2:30 of 1st period - Shot Misses the Net.
2:32 of 1st period - Slapshot by Darnell Nurse.
2:32 of 1st period - Stopped by Laurent Brossoit without a rebound.
2:33 of 1st period - Mika Zibanejad wins face-off versus Logan Couture in Detroit Red Wings zone.
2:38 of 1st period - Logan Couture is hit by MacKenzie Weegar.
2:50 of 1st period - Snap shot by Mika Zibanejad.
2:50 of 1st period - Shot Misses the Net.
2:57 of 1st period - Icing by Logan Couture.
2:58 of 1st period - Steven Stamkos wins face-off versus Logan Couture in Tampa Bay Lightning zone.
3:17 of 1st period - Wrist shot by Dylan Cozens.
3:17 of 1st period - Shot Misses the Net.
3:25 of 1st period - Snap shot by Logan Couture.
3:25 of 1st period - Shot Misses the Net.
3:35 of 1st period - Logan Couture is hit by Jordie Benn and loses puck.
4:35 of 1st period - Wrist shot by Carter Verhaeghe.
4:35 of 1st period - Shot Misses the Net.
4:37 of 1st period - Slapshot by MacKenzie Weegar.
4:37 of 1st period - Shot Blocked by Michael Matheson.
4:39 of 1st period - Snap shot by Carter Verhaeghe.
4:39 of 1st period - Shot Misses the Net.
4:48 of 1st period - Slapshot by MacKenzie Weegar.
4:48 of 1st period - Stopped by Filip Gustavsson without a rebound.
4:49 of 1st period - Steven Stamkos wins face-off versus Gustav Nyquist in Tampa Bay Lightning zone.
4:54 of 1st period - Slapshot by Patrick Kane.
4:54 of 1st period - Stopped by Filip Gustavsson without a rebound.
4:55 of 1st period - Steven Stamkos wins face-off versus Trevor Moore in Tampa Bay Lightning zone.
5:06 of 1st period - Steven Stamkos is hit by Trevor Moore and loses puck.
5:30 of 1st period - Backhand shot by Johnny Gaudreau.
5:30 of 1st period - Shot Blocked by Philippe Myers.
5:32 of 1st period - Slapshot by Moritz Seider.
5:32 of 1st period - Stopped by Laurent Brossoit without a rebound.
5:33 of 1st period - Logan Couture wins face-off versus Patrick Kane in Detroit Red Wings zone.
6:52 of 1st period - Snap shot by Travis Konecny.
6:52 of 1st period - Stopped by Laurent Brossoit with a rebound.
6:54 of 1st period - Wrist shot by Hampus Lindholm.
6:54 of 1st period - Stopped by Laurent Brossoit without a rebound.
6:55 of 1st period - Steven Stamkos wins face-off versus Kirill Kaprizov in Detroit Red Wings zone.
7:12 of 1st period - Snap shot by Steven Stamkos.
7:12 of 1st period - Stopped by Filip Gustavsson without a rebound.
7:13 of 1st period - Logan Couture wins face-off versus Anthony Cirelli in Tampa Bay Lightning zone.
7:13 of 1st period - Logan Couture is hit by Kevin Shattenkirk.
7:19 of 1st period - Slapshot by Dylan Cozens.
7:19 of 1st period - Stopped by Laurent Brossoit with a rebound.
7:21 of 1st period - Slapshot by Darnell Nurse.
7:21 of 1st period - Shot Misses the Net.
7:23 of 1st period - Wrist shot by Moritz Seider.
7:23 of 1st period - Shot Misses the Net.
7:25 of 1st period - Slapshot by Logan Couture.
7:25 of 1st period - Shot Misses the Net.
7:27 of 1st period - Slapshot by Logan Couture.
7:27 of 1st period - Stopped by Laurent Brossoit without a rebound.
7:28 of 1st period - Steven Stamkos wins face-off versus Anze Kopitar in Detroit Red Wings zone.
7:30 of 1st period - Minor Penalty to MacKenzie Weegar for Hooking.
7:31 of 1st period - Logan Couture wins face-off versus Anthony Cirelli in Detroit Red Wings zone.
7:31 of 1st period - Backhand shot by Johnny Gaudreau.
7:31 of 1st period - Shot Blocked by Anthony Cirelli.
7:57 of 1st period - Philippe Myers is hit by Moritz Seider and loses puck.
9:30 of 1st period - Penalty to MacKenzie Weegar is over, MacKenzie Weegar is back on ice.
9:51 of 1st period - Off-side.
9:52 of 1st period - Mika Zibanejad wins face-off versus Dylan Cozens in neutral zone.
10:01 of 1st period - Snap shot by Dylan Cozens.
10:01 of 1st period - Stopped by Laurent Brossoit with a rebound.
10:13 of 1st period - Minor Penalty to Carter Verhaeghe for High sticking.
10:14 of 1st period - Anthony Cirelli wins face-off versus Travis Konecny in Detroit Red Wings zone.
10:41 of 1st period - Hampus Lindholm is hit by Josh Bailey and loses puck.
10:48 of 1st period - Shayne Gostisbehere is hit by Kirill Kaprizov and loses puck.
12:13 of 1st period - Penalty to Carter Verhaeghe is over, Carter Verhaeghe is back on ice.
12:33 of 1st period - Wrist shot by Trevor Moore.
12:33 of 1st period - Stopped by Laurent Brossoit with a rebound.
13:11 of 1st period - Wrist shot by Mika Zibanejad.
13:11 of 1st period - Stopped by Filip Gustavsson without a rebound.
13:12 of 1st period - Mika Zibanejad wins face-off versus Roope Hintz in Tampa Bay Lightning zone.
13:29 of 1st period - Snap shot by Carter Verhaeghe.
13:29 of 1st period - Stopped by Filip Gustavsson with a rebound.
13:41 of 1st period - Snap shot by Travis Konecny.
13:41 of 1st period - Shot Blocked by Anthony Cirelli.
15:02 of 1st period - Wrist shot by Mika Zibanejad.
15:02 of 1st period - Shot Misses the Net.
15:04 of 1st period - Snap shot by Philippe Myers.
15:04 of 1st period - Shot Blocked by Ryan Graves.
15:06 of 1st period - Snap shot by Daniel Sprong.
15:06 of 1st period - Goal by Daniel Sprong - Tampa Bay Lightning : 0 - Detroit Red Wings : 1.
15:07 of 1st period - Logan Couture wins face-off versus Steven Stamkos in neutral zone.
15:20 of 1st period - Wrist shot by Patrick Kane.
15:20 of 1st period - Stopped by Filip Gustavsson without a rebound.
15:21 of 1st period - Anze Kopitar wins face-off versus Daniel Sprong in Tampa Bay Lightning zone.
15:31 of 1st period - Minor Penalty to MacKenzie Weegar for Roughing.
15:32 of 1st period - Mika Zibanejad wins face-off versus Anze Kopitar in Detroit Red Wings zone.
16:21 of 1st period - Anthony Cirelli is hit by Kirill Kaprizov and loses puck.
17:31 of 1st period - Penalty to MacKenzie Weegar is over, MacKenzie Weegar is back on ice.
17:36 of 1st period - Slapshot by Gustav Nyquist.
17:36 of 1st period - Shot Misses the Net.
17:52 of 1st period - Snap shot by Mika Zibanejad.
17:52 of 1st period - Stopped by Filip Gustavsson without a rebound.
17:53 of 1st period - Tomas Hertl wins face-off versus Patrick Kane in Tampa Bay Lightning zone.
18:33 of 1st period - Snap shot by Daniel Sprong.
18:33 of 1st period - Stopped by Filip Gustavsson with a rebound.
18:35 of 1st period - Slapshot by Jonathan Huberdeau.
18:35 of 1st period - Stopped by Filip Gustavsson with a rebound.
18:37 of 1st period - Slapshot by Anthony Cirelli.
18:37 of 1st period - Stopped by Filip Gustavsson without a rebound.
18:38 of 1st period - Anthony Cirelli wins face-off versus Logan Couture in Tampa Bay Lightning zone.
18:39 of 1st period - Wrist shot by Jonathan Huberdeau.
18:39 of 1st period - Shot Misses the Net.
18:44 of 1st period - Off-side.
18:45 of 1st period - Logan Couture wins face-off versus Anthony Cirelli in neutral zone.
18:50 of 1st period - Snap shot by Travis Konecny.
18:50 of 1st period - Shot Blocked by Kevin Shattenkirk.
18:52 of 1st period - Slapshot by Travis Konecny.
18:52 of 1st period - Shot Misses the Net.
18:54 of 1st period - Snap shot by Logan Couture.
18:54 of 1st period - Stopped by Laurent Brossoit with a rebound.
18:58 of 1st period - Backhand shot by Dylan Cozens.
18:58 of 1st period - Stopped by Laurent Brossoit without a rebound.
18:59 of 1st period - Steven Stamkos wins face-off versus Anze Kopitar in Detroit Red Wings zone.
18:59 of 1st period - Steven Stamkos is hit by Kirill Kaprizov.
Goals for this period are 0 for Tampa Bay Lightning vs 1 for Detroit Red Wings.
Shots for this period are 10 for Tampa Bay Lightning vs 13 for Detroit Red Wings.
2nd period
0:01 of 2nd period - Steven Stamkos wins face-off versus Kirill Kaprizov in neutral zone.
0:30 of 2nd period - Matthew Boldy is hit by Travis Konecny and loses puck.
0:59 of 2nd period - Wrist shot by Roope Hintz.
0:59 of 2nd period - Shot Misses the Net.
1:01 of 2nd period - Wrist shot by Gustav Nyquist.
1:01 of 2nd period - Stopped by Laurent Brossoit with a rebound.
1:15 of 2nd period - Wrist shot by Travis Konecny.
1:15 of 2nd period - Shot Misses the Net.
1:17 of 2nd period - Slapshot by Hampus Lindholm.
1:17 of 2nd period - Stopped by Laurent Brossoit with a rebound.
1:19 of 2nd period - Slapshot by Travis Konecny.
1:19 of 2nd period - Stopped by Laurent Brossoit without a rebound.
1:20 of 2nd period - Anze Kopitar wins face-off versus Steven Stamkos in Detroit Red Wings zone.
1:40 of 2nd period - Johnny Gaudreau is hit by Jared McCann.
2:32 of 2nd period - Snap shot by Josh Bailey.
2:32 of 2nd period - Shot Misses the Net.
2:34 of 2nd period - Slapshot by Philippe Myers.
2:34 of 2nd period - Shot Misses the Net.
2:36 of 2nd period - Snap shot by Philippe Myers.
2:36 of 2nd period - Shot Blocked by Michael Matheson.
2:38 of 2nd period - Snap shot by Josh Bailey.
2:38 of 2nd period - Stopped by Filip Gustavsson without a rebound.
2:39 of 2nd period - Logan Couture wins face-off versus Patrick Kane in Tampa Bay Lightning zone.
2:46 of 2nd period - Slapshot by Darnell Nurse.
2:46 of 2nd period - Stopped by Laurent Brossoit without a rebound.
2:47 of 2nd period - Logan Couture wins face-off versus Steven Stamkos in Detroit Red Wings zone.
3:12 of 2nd period - Snap shot by Steven Stamkos.
3:12 of 2nd period - Shot Misses the Net.
3:14 of 2nd period - Snap shot by MacKenzie Weegar.
3:14 of 2nd period - Deflect By Jared McCann.
3:14 of 2nd period - Shot Hit the Post.
3:14 of 2nd period - Puck is out of play.
3:15 of 2nd period - Mika Zibanejad wins face-off versus Anze Kopitar in Tampa Bay Lightning zone.
3:42 of 2nd period - Jordie Benn is hit by Roope Hintz and loses puck.
3:57 of 2nd period - Trevor Moore is hit by Jonathan Huberdeau and loses puck.
4:12 of 2nd period - Wrist shot by Steven Stamkos.
4:12 of 2nd period - Shot Blocked by Darnell Nurse.
4:14 of 2nd period - Snap shot by Patrick Kane.
4:14 of 2nd period - Shot Blocked by Darnell Nurse.
4:16 of 2nd period - Wrist shot by Steven Stamkos.
4:16 of 2nd period - Stopped by Filip Gustavsson without a rebound.
4:17 of 2nd period - Anze Kopitar wins face-off versus Matthew Boldy in Tampa Bay Lightning zone.
4:28 of 2nd period - Slapshot by Kirill Kaprizov.
4:28 of 2nd period - Shot Blocked by Carter Verhaeghe.
4:44 of 2nd period - Snap shot by Patrick Kane.
4:44 of 2nd period - Stopped by Filip Gustavsson without a rebound.
4:45 of 2nd period - Steven Stamkos wins face-off versus Logan Couture in Tampa Bay Lightning zone.
5:01 of 2nd period - Off-side.
5:02 of 2nd period - Anze Kopitar wins face-off versus Carter Verhaeghe in neutral zone.
5:51 of 2nd period - Off-side.
5:52 of 2nd period - Roope Hintz wins face-off versus Jonathan Huberdeau in neutral zone.
5:59 of 2nd period - Slapshot by Gustav Nyquist.
5:59 of 2nd period - Stopped by Laurent Brossoit with a rebound.
7:10 of 2nd period - Josh Bailey is hit by Vladislav Gavrikov and loses puck.
8:12 of 2nd period - Snap shot by Travis Konecny.
8:12 of 2nd period - Stopped by Laurent Brossoit without a rebound.
8:13 of 2nd period - Dylan Cozens wins face-off versus Steven Stamkos in Detroit Red Wings zone.
8:14 of 2nd period - Wrist shot by Logan Couture.
8:14 of 2nd period - Shot Blocked by Zach Bogosian.
8:16 of 2nd period - Snap shot by Dylan Cozens.
8:16 of 2nd period - Stopped by Laurent Brossoit without a rebound.
8:17 of 2nd period - Logan Couture wins face-off versus Steven Stamkos in Detroit Red Wings zone.
8:18 of 2nd period - Wrist shot by Travis Konecny.
8:18 of 2nd period - Stopped by Laurent Brossoit with a rebound.
8:49 of 2nd period - Off-side.
8:50 of 2nd period - Anthony Cirelli wins face-off versus Kirill Kaprizov in neutral zone.
9:00 of 2nd period - Wrist shot by Daniel Sprong.
9:00 of 2nd period - Stopped by Filip Gustavsson with a rebound.
9:21 of 2nd period - Off-side.
9:22 of 2nd period - Steven Stamkos wins face-off versus Logan Couture in neutral zone.
9:55 of 2nd period - Snap shot by Dylan Cozens.
9:55 of 2nd period - Stopped by Laurent Brossoit with a rebound.
9:57 of 2nd period - Backhand shot by Logan Couture.
9:57 of 2nd period - Stopped by Laurent Brossoit with a rebound.
9:59 of 2nd period - Slapshot by Darnell Nurse.
9:59 of 2nd period - Shot Misses the Net.
10:07 of 2nd period - Wrist shot by Logan Couture.
10:07 of 2nd period - Shot Misses the Net.
10:09 of 2nd period - Slapshot by Darnell Nurse.
10:09 of 2nd period - Goal by Darnell Nurse - Tampa Bay Lightning : 1 - Detroit Red Wings : 1.
10:10 of 2nd period - Anze Kopitar wins face-off versus Matthew Boldy in neutral zone.
11:06 of 2nd period - Slapshot by Shayne Gostisbehere.
11:06 of 2nd period - Shot Blocked by Gustav Nyquist.
11:08 of 2nd period - Slapshot by Josh Bailey.
11:08 of 2nd period - Stopped by Filip Gustavsson with a rebound.
11:36 of 2nd period - Travis Konecny is hit by Mika Zibanejad and loses puck.
11:57 of 2nd period - Snap shot by Johnny Gaudreau.
11:57 of 2nd period - Stopped by Laurent Brossoit with a rebound.
12:57 of 2nd period - Shayne Gostisbehere is hit by Trevor Moore and loses puck.
13:42 of 2nd period - Snap shot by Anthony Cirelli.
13:42 of 2nd period - Stopped by Filip Gustavsson without a rebound.
13:43 of 2nd period - Steven Stamkos wins face-off versus Anze Kopitar in Tampa Bay Lightning zone.
13:48 of 2nd period - Backhand shot by Patrick Kane.
13:48 of 2nd period - Shot Blocked by Hampus Lindholm.
14:06 of 2nd period - Steven Stamkos is hit by Travis Konecny and loses puck.
14:25 of 2nd period - Snap shot by Daniel Sprong.
14:25 of 2nd period - Stopped by Filip Gustavsson without a rebound.
14:26 of 2nd period - Anthony Cirelli wins face-off versus Roope Hintz in Tampa Bay Lightning zone.
14:31 of 2nd period - Slapshot by Jonathan Huberdeau.
14:31 of 2nd period - Stopped by Filip Gustavsson with a rebound.
14:37 of 2nd period - Snap shot by Gustav Nyquist.
14:37 of 2nd period - Stopped by Laurent Brossoit without a rebound.
14:38 of 2nd period - Anze Kopitar wins face-off versus Matthew Boldy in Detroit Red Wings zone.
14:41 of 2nd period - Snap shot by Kirill Kaprizov.
14:41 of 2nd period - Shot Misses the Net.
14:43 of 2nd period - Wrist shot by Anze Kopitar.
14:43 of 2nd period - Shot Blocked by Matthew Boldy.
14:45 of 2nd period - Snap shot by Johnny Gaudreau.
14:45 of 2nd period - Deflect By Matthew Boldy.
14:45 of 2nd period - Shot Blocked by Kevin Shattenkirk.
14:45 of 2nd period - Puck is out of play.
14:46 of 2nd period - Anze Kopitar wins face-off versus Mika Zibanejad in Detroit Red Wings zone.
14:57 of 2nd period - Snap shot by Anze Kopitar.
14:57 of 2nd period - Stopped by Laurent Brossoit with a rebound.
14:59 of 2nd period - Snap shot by Kirill Kaprizov.
14:59 of 2nd period - Shot Misses the Net.
15:01 of 2nd period - Slapshot by Darnell Nurse.
15:01 of 2nd period - Stopped by Laurent Brossoit with a rebound.
15:02 of 2nd period - Minor Penalty to Darnell Nurse for Goalie Interference.
15:03 of 2nd period - Steven Stamkos wins face-off versus Logan Couture in Tampa Bay Lightning zone.
15:11 of 2nd period - Slapshot by Jared McCann.
15:11 of 2nd period - Stopped by Filip Gustavsson with a rebound.
15:13 of 2nd period - Slapshot by Kevin Shattenkirk.
15:13 of 2nd period - Stopped by Filip Gustavsson without a rebound.
15:14 of 2nd period - Mika Zibanejad wins face-off versus Dylan Cozens in Tampa Bay Lightning zone.
15:15 of 2nd period - Snap shot by Carter Verhaeghe.
15:15 of 2nd period - Stopped by Filip Gustavsson without a rebound.
15:16 of 2nd period - Dylan Cozens wins face-off versus Mika Zibanejad in Tampa Bay Lightning zone.
15:33 of 2nd period - Wrist shot by Mika Zibanejad.
15:33 of 2nd period - Stopped by Filip Gustavsson without a rebound.
15:34 of 2nd period - Steven Stamkos wins face-off versus Dylan Cozens in Tampa Bay Lightning zone.
16:01 of 2nd period - Matthew Boldy is hit by Trevor Moore and loses puck.
17:02 of 2nd period - Penalty to Darnell Nurse is over, Darnell Nurse is back on ice.
18:55 of 2nd period - Wrist shot by Mika Zibanejad.
18:55 of 2nd period - Stopped by Filip Gustavsson with a rebound.
19:21 of 2nd period - Kevin Shattenkirk is hit by Moritz Seider and loses puck.
19:42 of 2nd period - Slapshot by Jared McCann.
19:42 of 2nd period - Deflect By Steven Stamkos.
19:42 of 2nd period - Shot Misses the Net.
19:42 of 2nd period - Puck is out of play.
19:43 of 2nd period - Anze Kopitar wins face-off versus Jonathan Huberdeau in Tampa Bay Lightning zone.
19:43 of 2nd period - Anze Kopitar is hit by Daniel Sprong.
19:49 of 2nd period - Anthony Cirelli is hit by Kirill Kaprizov and loses puck.
Goals for this period are 1 for Tampa Bay Lightning vs 0 for Detroit Red Wings.
Shots for this period are 15 for Tampa Bay Lightning vs 13 for Detroit Red Wings.
3rd period
0:01 of 3rd period - Steven Stamkos wins face-off versus Anze Kopitar in neutral zone.
0:27 of 3rd period - Kevin Shattenkirk is hit by Travis Konecny and loses puck.
0:54 of 3rd period - Snap shot by Gustav Nyquist.
0:54 of 3rd period - Stopped by Laurent Brossoit with a rebound.
0:56 of 3rd period - Snap shot by Roope Hintz.
0:56 of 3rd period - Stopped by Laurent Brossoit without a rebound.
0:57 of 3rd period - Anze Kopitar wins face-off versus Steven Stamkos in Detroit Red Wings zone.
1:59 of 3rd period - Snap shot by Anthony Cirelli.
1:59 of 3rd period - Stopped by Filip Gustavsson without a rebound.
2:00 of 3rd period - Anze Kopitar wins face-off versus Steven Stamkos in Tampa Bay Lightning zone.
2:00 of 3rd period - Anze Kopitar is hit by MacKenzie Weegar.
2:06 of 3rd period - Snap shot by Kirill Kaprizov.
2:06 of 3rd period - Stopped by Laurent Brossoit without a rebound.
2:07 of 3rd period - Steven Stamkos wins face-off versus Anze Kopitar in Detroit Red Wings zone.
2:07 of 3rd period - Steven Stamkos is hit by Kirill Kaprizov.
2:41 of 3rd period - Snap shot by Trevor Moore.
2:41 of 3rd period - Shot Misses the Net.
4:13 of 3rd period - Snap shot by Mika Zibanejad.
4:13 of 3rd period - Shot Misses the Net.
4:33 of 3rd period - Slapshot by Jonathan Huberdeau.
4:33 of 3rd period - Shot Misses the Net.
5:02 of 3rd period - Philippe Myers is hit by Johnny Gaudreau and loses puck.
5:15 of 3rd period - Slapshot by Dylan Cozens.
5:15 of 3rd period - Shot Misses the Net.
6:47 of 3rd period - Hampus Lindholm is hit by Matthew Boldy and loses puck.
7:09 of 3rd period - Michael Matheson is hit by Jordie Benn and loses puck.
7:23 of 3rd period - Zach Bogosian is hit by Moritz Seider and loses puck.
7:32 of 3rd period - Travis Konecny is hit by Josh Bailey and loses puck.
7:44 of 3rd period - Josh Bailey is hit by Dylan Cozens and loses puck.
7:53 of 3rd period - Dylan Cozens is hit by Josh Bailey and loses puck.
8:06 of 3rd period - Snap shot by Arthur Kaliyev.
8:06 of 3rd period - Shot Blocked by Hampus Lindholm.
8:08 of 3rd period - Slapshot by Matthew Boldy.
8:08 of 3rd period - Shot Misses the Net.
8:10 of 3rd period - Slapshot by Anthony Cirelli.
8:10 of 3rd period - Deflect By Arthur Kaliyev.
8:10 of 3rd period - Shot Misses the Net.
8:10 of 3rd period - Puck is out of play.
8:11 of 3rd period - Steven Stamkos wins face-off versus Anze Kopitar in Tampa Bay Lightning zone.
8:46 of 3rd period - Snap shot by Mika Zibanejad.
8:46 of 3rd period - Stopped by Filip Gustavsson with a rebound.
9:48 of 3rd period - Snap shot by Tomas Hertl.
9:48 of 3rd period - Shot Blocked by Jordie Benn.
11:52 of 3rd period - Steven Stamkos is hit by Logan Couture and loses puck.
12:44 of 3rd period - Josh Bailey is hit by Kirill Kaprizov and loses puck.
13:32 of 3rd period - Icing by Kirill Kaprizov.
13:33 of 3rd period - Steven Stamkos wins face-off versus Roope Hintz in Tampa Bay Lightning zone.
13:36 of 3rd period - Wrist shot by Steven Stamkos.
13:36 of 3rd period - Shot Blocked by Kirill Kaprizov.
13:38 of 3rd period - Snap shot by Shayne Gostisbehere.
13:38 of 3rd period - Shot Blocked by Hampus Lindholm.
13:40 of 3rd period - Slapshot by Jordie Benn.
13:40 of 3rd period - Stopped by Filip Gustavsson without a rebound.
13:41 of 3rd period - Steven Stamkos wins face-off versus Logan Couture in Tampa Bay Lightning zone.
13:44 of 3rd period - Slapshot by Jared McCann.
13:44 of 3rd period - Shot Blocked by Dylan Cozens.
13:46 of 3rd period - Slapshot by Jordie Benn.
13:46 of 3rd period - Shot Misses the Net.
13:48 of 3rd period - Snap shot by Patrick Kane.
13:48 of 3rd period - Shot Misses the Net.
13:50 of 3rd period - Snap shot by Jared McCann.
13:50 of 3rd period - Shot Misses the Net.
13:52 of 3rd period - Snap shot by Jared McCann.
13:52 of 3rd period - Stopped by Filip Gustavsson with a rebound.
13:54 of 3rd period - Slapshot by Shayne Gostisbehere.
13:54 of 3rd period - Shot Blocked by Darnell Nurse.
13:56 of 3rd period - Snap shot by Shayne Gostisbehere.
13:56 of 3rd period - Shot Blocked by Dylan Cozens.
13:58 of 3rd period - Snap shot by Jordie Benn.
13:58 of 3rd period - Stopped by Filip Gustavsson without a rebound.
13:59 of 3rd period - Anze Kopitar wins face-off versus Mika Zibanejad in Tampa Bay Lightning zone.
14:01 of 3rd period - Icing by Kirill Kaprizov.
14:02 of 3rd period - Mika Zibanejad wins face-off versus Johnny Gaudreau in Tampa Bay Lightning zone.
14:03 of 3rd period - Snap shot by Matthew Boldy.
14:03 of 3rd period - Stopped by Filip Gustavsson with a rebound.
14:05 of 3rd period - Slapshot by Kevin Shattenkirk.
14:05 of 3rd period - Stopped by Filip Gustavsson without a rebound.
14:06 of 3rd period - Anze Kopitar wins face-off versus Mika Zibanejad in Tampa Bay Lightning zone.
14:13 of 3rd period - Wrist shot by Anze Kopitar.
14:13 of 3rd period - Stopped by Laurent Brossoit with a rebound.
15:16 of 3rd period - Snap shot by Johnny Gaudreau.
15:16 of 3rd period - Stopped by Laurent Brossoit without a rebound.
15:17 of 3rd period - Matthew Boldy wins face-off versus Anze Kopitar in Detroit Red Wings zone.
15:17 of 3rd period - Matthew Boldy is hit by Johnny Gaudreau.
15:45 of 3rd period - Wrist shot by Kirill Kaprizov.
15:45 of 3rd period - Stopped by Laurent Brossoit with a rebound.
15:47 of 3rd period - Slapshot by Ryan Graves.
15:47 of 3rd period - Stopped by Laurent Brossoit with a rebound.
16:07 of 3rd period - Slapshot by Shayne Gostisbehere.
16:07 of 3rd period - Shot Misses the Net.
16:09 of 3rd period - Slapshot by Steven Stamkos.
16:09 of 3rd period - Goal by Steven Stamkos - Tampa Bay Lightning : 1 - Detroit Red Wings : 2.
16:10 of 3rd period - Anze Kopitar wins face-off versus Anthony Cirelli in neutral zone.
16:13 of 3rd period - Backhand shot by Kirill Kaprizov.
16:13 of 3rd period - Deflect By Johnny Gaudreau.
16:13 of 3rd period - Shot Misses the Net.
16:13 of 3rd period - Puck is out of play.
16:14 of 3rd period - Anthony Cirelli wins face-off versus Anze Kopitar in Detroit Red Wings zone.
16:16 of 3rd period - Minor Penalty to Kevin Shattenkirk for Hooking.
16:17 of 3rd period - Josh Bailey wins face-off versus Anze Kopitar in Detroit Red Wings zone.
16:17 of 3rd period - Josh Bailey is hit by Roope Hintz.
16:52 of 3rd period - Backhand shot by Johnny Gaudreau.
16:52 of 3rd period - Goal by Johnny Gaudreau - Tampa Bay Lightning : 2 - Detroit Red Wings : 2.
16:53 of 3rd period - Anze Kopitar wins face-off versus Anthony Cirelli in neutral zone.
17:01 of 3rd period - Off-side.
17:02 of 3rd period - Anthony Cirelli wins face-off versus Anze Kopitar in neutral zone.
17:36 of 3rd period - Icing by Kevin Shattenkirk.
17:37 of 3rd period - Anthony Cirelli wins face-off versus Logan Couture in Detroit Red Wings zone.
19:24 of 3rd period - Michael Matheson is hit by Jared McCann and loses puck.
19:37 of 3rd period - Slapshot by Alexander Barabanov.
19:37 of 3rd period - Shot Blocked by Michael Matheson.
19:39 of 3rd period - Wrist shot by Arthur Kaliyev.
19:39 of 3rd period - Stopped by Filip Gustavsson with a rebound.
19:41 of 3rd period - Slapshot by Philippe Myers.
19:41 of 3rd period - Stopped by Filip Gustavsson with a rebound.
Goals for this period are 1 for Tampa Bay Lightning vs 1 for Detroit Red Wings.
Shots for this period are 8 for Tampa Bay Lightning vs 10 for Detroit Red Wings.
Overtime #1
0:01 of 1st overtime period - Anze Kopitar wins face-off versus Mika Zibanejad in neutral zone.
0:08 of 1st overtime period - Slapshot by Dylan Cozens.
0:08 of 1st overtime period - Stopped by Laurent Brossoit without a rebound.
0:09 of 1st overtime period - Anze Kopitar wins face-off versus Mika Zibanejad in Detroit Red Wings zone.
0:17 of 1st overtime period - Snap shot by Darnell Nurse.
0:17 of 1st overtime period - Shot Misses the Net.
0:19 of 1st overtime period - Slapshot by Hampus Lindholm.
0:19 of 1st overtime period - Deflect By Dylan Cozens.
0:19 of 1st overtime period - Shot Misses the Net.
0:19 of 1st overtime period - Puck is out of play.
0:20 of 1st overtime period - Carter Verhaeghe wins face-off versus Logan Couture in Detroit Red Wings zone.
0:20 of 1st overtime period - Carter Verhaeghe is hit by Logan Couture.
0:46 of 1st overtime period - MacKenzie Weegar is hit by Dylan Cozens and loses puck.
0:51 of 1st overtime period - Snap shot by Anze Kopitar.
0:51 of 1st overtime period - Stopped by Laurent Brossoit without a rebound.
0:52 of 1st overtime period - Anze Kopitar wins face-off versus Mika Zibanejad in Detroit Red Wings zone.
1:17 of 1st overtime period - Slapshot by Hampus Lindholm.
1:17 of 1st overtime period - Shot Misses the Net.
1:23 of 1st overtime period - Wrist shot by Steven Stamkos.
1:23 of 1st overtime period - Stopped by Filip Gustavsson without a rebound.
1:24 of 1st overtime period - Mika Zibanejad wins face-off versus Logan Couture in Tampa Bay Lightning zone.
1:25 of 1st overtime period - Snap shot by Carter Verhaeghe.
1:25 of 1st overtime period - Shot Blocked by Michael Matheson.
1:56 of 1st overtime period - Icing by Mika Zibanejad.
1:57 of 1st overtime period - Logan Couture wins face-off versus Mika Zibanejad in Detroit Red Wings zone.
2:00 of 1st overtime period - Snap shot by Logan Couture.
2:00 of 1st overtime period - Shot Blocked by Carter Verhaeghe.
2:02 of 1st overtime period - Snap shot by Tomas Hertl.
2:02 of 1st overtime period - Shot Blocked by MacKenzie Weegar.
2:26 of 1st overtime period - Wrist shot by Steven Stamkos.
2:26 of 1st overtime period - Stopped by Filip Gustavsson with a rebound.
2:28 of 1st overtime period - Slapshot by Kevin Shattenkirk.
2:28 of 1st overtime period - Deflect By Matthew Boldy.
2:28 of 1st overtime period - Shot Misses the Net.
2:28 of 1st overtime period - Puck is out of play.
2:29 of 1st overtime period - Steven Stamkos wins face-off versus Anze Kopitar in Tampa Bay Lightning zone.
2:50 of 1st overtime period - Slapshot by Matthew Boldy.
2:50 of 1st overtime period - Stopped by Filip Gustavsson with a rebound.
2:56 of 1st overtime period - Moritz Seider is hit by Shayne Gostisbehere and loses puck.
3:03 of 1st overtime period - Snap shot by Anze Kopitar.
3:03 of 1st overtime period - Shot Blocked by Matthew Boldy.
3:05 of 1st overtime period - Slapshot by Hampus Lindholm.
3:05 of 1st overtime period - Shot Blocked by Shayne Gostisbehere.
3:07 of 1st overtime period - Slapshot by Dylan Cozens.
3:07 of 1st overtime period - Tampa Bay Lightning goal is going for a video replay.
3:07 of 1st overtime period - The goal is refused. The puck has entered the net after making contact with an attacking player’s stick that is above the height of the crossbar..
3:08 of 1st overtime period - Mika Zibanejad wins face-off versus Logan Couture in Detroit Red Wings zone.
4:04 of 1st overtime period - Icing by Steven Stamkos.
4:05 of 1st overtime period - Steven Stamkos wins face-off versus Tomas Hertl in Detroit Red Wings zone.
4:28 of 1st overtime period - Hampus Lindholm is hit by Jordie Benn.
4:50 of 1st overtime period - Kevin Shattenkirk is hit by Anze Kopitar and loses puck.
Goals for this period are 0 for Tampa Bay Lightning vs 0 for Detroit Red Wings.
Shots for this period are 3 for Tampa Bay Lightning vs 3 for Detroit Red Wings.
ShootOut
5:00 of 1st overtime period - Round #1.
5:00 of 1st overtime period - Tampa Bay Lightning, Gustav Nyquist.
5:00 of 1st overtime period - Snap shot by Gustav Nyquist.
5:00 of 1st overtime period - Shot Misses the Net.
5:00 of 1st overtime period - Detroit Red Wings, Mika Zibanejad.
5:00 of 1st overtime period - Snap shot by Mika Zibanejad.
5:00 of 1st overtime period - Stopped by Filip Gustavsson.
5:00 of 1st overtime period - Round #2.
5:00 of 1st overtime period - Tampa Bay Lightning, Kirill Kaprizov.
5:00 of 1st overtime period - Wrist shot by Kirill Kaprizov.
5:00 of 1st overtime period - Stopped by Laurent Brossoit.
5:00 of 1st overtime period - Detroit Red Wings, Jonathan Huberdeau.
5:00 of 1st overtime period - Deke by Jonathan Huberdeau.
5:00 of 1st overtime period - Shot Misses the Net.
5:00 of 1st overtime period - Round #3.
5:00 of 1st overtime period - Tampa Bay Lightning, Logan Couture.
5:00 of 1st overtime period - Snap shot by Logan Couture.
5:00 of 1st overtime period - Stopped by Laurent Brossoit.
5:00 of 1st overtime period - Detroit Red Wings, Matthew Boldy.
5:00 of 1st overtime period - Deke by Matthew Boldy.
5:00 of 1st overtime period - Shot Misses the Net.
5:00 of 1st overtime period - Round #4.
5:00 of 1st overtime period - Tampa Bay Lightning, Trevor Moore.
5:00 of 1st overtime period - Deke by Trevor Moore.
5:00 of 1st overtime period - Goal by Trevor Moore.
5:00 of 1st overtime period - Detroit Red Wings, Carter Verhaeghe.
5:00 of 1st overtime period - Snap shot by Carter Verhaeghe.
5:00 of 1st overtime period - Stopped by Filip Gustavsson.
Back to the Top